 Dungeon Sprint DCSS version 0.21-a0-401-g0b6bec4 (webtiles) character file.

51 Kidiri the Magician (level 3, -1/28 HPs)
             Began as a Deep Elf Fire Elementalist on Oct 23, 2017.
             Slain by a human (2 damage)
             ... in the Dungeon (Sprint III: "The Ten Rune Challenge").
             The game lasted 00:02:12 (186 turns).

Kidiri the Magician (Deep Elf Fire Elementalist)     Turns: 186, Time: 00:02:13

Health: -1/28      AC:  2    Str: 10    XL:     3   Next: 57%
Magic:  11/13      EV: 13    Int: 20    God:
Gold:   0          SH:  0    Dex: 15    Spells: 7/16 levels left

rFire    . . .     SeeInvis .   k - +4 club
rCold    . . .     Gourm    .   (no shield)
rNeg     . . .     Faith    .   a - +0 robe
rPois    .         Spirit   .   (no helmet)
rElec    .         Reflect  .   (no cloak)
rCorr    .         Harm     .   (no gloves)
MR       .....     NoTele   +   (no boots)
Stlth    ..........             (no amulet)
HPRegen  0.09/turn              (no ring)
MPRegen  0.13/turn              (no ring)

@: berserking, very quick
A: no striking features
a: no special abilities


You were in the Dungeon.
You were not hungry.

You visited 1 branch

Inventory:

Hand Weapons
 j - a +0 dagger
 k - a +4 club (weapon)
Armour
 a - a +0 robe (worn)
 l - a +0 robe
Scrolls
 i - a scroll of blinking
Potions
 d - a potion of curing
 f - a potion of haste
 g - 3 potions of magic
 m - a potion of degeneration {unknown}
Books
 b - a book of Flames

   Spells                             Type                      Level
   a - Flame Tongue                   Conjuration/Fire             1
   b - Throw Flame                    Conjuration/Fire             2
   c - Conjure Flame                  Conjuration/Fire             3
   d - Inner Flame                    Hexes/Fire                   3
   e - Sticky Flame                   Conjuration/Fire             4
   f - Fireball                       Conjuration/Fire             5
Comestibles
 c - a bread ration
 n - 2 chunks of flesh


   Skills:
 - Level 2.4 Dodging
 - Level 2.4 Stealth
 * Level 7.2 Spellcasting
 + Level 3.9 Conjurations
 + Level 5.1 Fire Magic


You had 7 spell levels left.
You knew the following spells:

 Your Spells              Type           Power        Failure   Level  Hunger
a - Flame Tongue          Conj/Fire      ####.        1%          1    None
b - Throw Flame           Conj/Fire      ####..       2%          2    None
c - Conjure Flame         Conj/Fire      ####....     4%          3    #......
d - Inner Flame           Hex/Fire       ###.....     10%         3    #......


Dungeon Overview and Level Annotations

Branches:
Dungeon (1/1)

Altars:


Message History

The wolf bites you.
You closely miss the wolf.
The wolf is heavily wounded.
The wolf closely misses you. The wolf bites you.
You sock the wolf!
You kill the wolf!
Your Spellcasting skill increases to level 7!
Your Fire Magic skill increases to level 5!
You hit the human.
The human is lightly wounded.
The human hits you.
* * * LOW HITPOINT WARNING * * *
You hit the human.
The human is moderately wounded.
The human hits you.
* * * LOW HITPOINT WARNING * * *
You barely miss the human.
The human is moderately wounded.
The human hits you.
You die...

▓...#......##
▓..##.......# .#
▓##.##.##..÷# .#
##.##.###..# ..#
▓#.####.##..# ...+
▓.###..##÷.##
#p..# ▓#.....##..#
#....#
###..##...##.....#
##..##...@#......#
#..###..##p#.....#
#..# #..#####....#
▓▓▓▓ ▓▓▓▓ ▓▓▓▓▓


You could see a human.

Vanquished Creatures
  Jessica (D)
  A wolf (D)
  2 oozes (D)
  A rat (D)
5 creatures vanquished.

Vanquished Creatures (others)
  A draconian scorcher (D)
  5 hellions (D)
  A yaktaur (D)
  2 plants (D)
9 creatures vanquished.

Grand Total: 14 creatures vanquished

Notes
Turn   | Place    | Note
-------+----------+-------------------------------------------
     0 | D        | Kidiri the Deep Elf Fire Elementalist began the quest for the Orb.
     0 | D        | Reached XP level 1. HP: 10/10 MP: 6/6
     9 | D        | Reached skill level 4 in Spellcasting
    26 | D        | Killed a yaktaur
    51 | D        | Reached XP level 2. HP: 15/15 MP: 4/9
    55 | D        | Learned a level 2 spell: Throw Flame
    82 | D        | Killed a hellion
    83 | D        | Killed a hellion
   104 | D        | Noticed Jessica
   108 | D        | Killed Jessica
   108 | D        | Reached skill level 6 in Spellcasting
   108 | D        | Reached XP level 3. HP: 19/19 MP: 9/13
   113 | D        | Learned a level 3 spell: Conjure Flame
   117 | D        | Learned a level 3 spell: Inner Flame
   143 | D        | Killed a white draconian scorcher
   151 | D        | Killed a hellion
   157 | D        | Killed a hellion
   169 | D        | Killed a hellion
   183 | D        | Reached skill level 7 in Spellcasting
   183 | D        | Reached skill level 5 in Fire Magic
   185 | D        | HP: 1/28 [human (4)]
   186 | D        | Slain by a human

Vault maps used:
D:        dungeon_sprint_mu

Skill      XL: |  1  2  3 |
---------------+----------+-----
Spellcasting   | 4 6 7 |  7.2
Conjurations   | 2 3 |  3.9
Fire Magic     | 4 5 |  5.1
Dodging        | |  2.4
Stealth        | |  2.4

Action                   || total
-------------------------++-------
Melee: Club              ||     6
 Cast: Flame Tongue      ||    10
  Use: Potion            ||     2
Dodge: Dodged            ||     8

Table legend:
 A = Spawn XP
 B = Non-spawn XP
 C = Spawn XP percentage of total XP
 D = Spawn monster count
 E = Non-spawn monster count
 F = Spawn count percentage of total count
 G = Total turns spent on level
                    A         B        C        D         E        F      G
               +---------+---------+-------+---------+---------+-------+---------
         Total |       0 |      73 |   0.0 |       0 |       5 |   0.0 |   186
               +---------+---------+-------+---------+---------+-------+---------
             D |       0 |      73 |   0.0 |       0 |       5 |   0.0 |   186
               +---------+---------+-------+---------+---------+-------+---------
